 Dungeon Crawl Stone Soup version 0.31-a0-267-g3fc6992b3b (webtiles) character file.

Game seed: 15741002837468287594

51 qw the Shooter (level 3, 0/21 HPs)
             Began as a Gargoyle Hexslinger on July 14, 2023.
             Slain by a hobgoblin (2 damage)
             ... led by Robin
             ... on level 1 of the Dungeon.
             The game lasted 00:00:26 (1034 turns).

qw the Shooter (Gargoyle Hexslinger)                Turns: 1034, Time: 00:00:27

Health: 0/21       AC:  6    Str: 11    XL:     3   Next: 81%
Magic:  4/4        EV: 12    Int: 13    God:
Gold:   73         SH:  0    Dex: 14    Spells: 3/4 levels left

rFire   . . .        Y - +1 sling
rCold   . . .        (no shield)
rNeg    + . .        c - +0 robe
rPois   inf          (no helmet)
rElec   +            (no cloak)
rCorr   .            i - +0 pair of gloves
SInv    .            (no boots)
Will    .....        (no amulet)
Stlth   +            (no ring)
HPRegen 0.23/turn    (no ring)
MPRegen 0.09/turn

%: no passive effects
@: no status effects
A: sickness immunity, AC +3, negative energy resistance 1, electricity
resistance, torment resistance 1, petrification resistance
a: no special abilities


You were on level 1 of the Dungeon.
You visited 1 branch of the dungeon, and saw 2 of its levels.

You collected 73 gold pieces.


Innate Abilities, Weirdness & Mutations

You are immune to sickness and miasma.
Your stone body is resilient. (AC +3)
You are immune to poison.
You resist negative energy. (rN+)
You are resistant to electric shocks. (rElec)
You are resistant to unholy torment.
You are immune to petrification.


   Skills:
 - Level 2.0 Fighting
 + Level 3.6 Ranged Weapons
 - Level 1.5 Dodging
 - Level 1.0 Spellcasting
 - Level 2.6 Hexes


You had 3 spell levels left.
You knew the following spells:

 Your Spells              Type           Power      Damage    Failure   Level
a - Slow                  Hex            28%        N/A       10%         1

Your spell library contained the following spells:

 Spells                   Type           Power      Damage    Failure   Level
 Inner Flame              Hex/Fire       4%         N/A       43%         3
 Portal Projectile        Hex/Tloc       8%         N/A       43%         3
 Cause Fear               Hex            3%         N/A       67%         4

Inventory:

Hand Weapons
 Y - a +1 sling (weapon)
Armour
 c - a +0 robe (worn)
 i - a +0 pair of gloves (worn)
Potions
 d - a potion of degeneration {unknown}

Dungeon Overview and Level Annotations

Branches:
Dungeon (2/15)

Altars:

Annotations:
D:2 Robin


Message History

You shoot a sling bullet. The sling bullet hits the goblin.
The goblin is moderately wounded.
The goblin hits you but does no damage. x3; The hobgoblin hits you.
The goblin hits you with a +0 club.
1025 ||| STAIRDANCE The goblin barely misses you.
The goblin hits you with a +0 club.
The goblin barely misses you. x2; The hobgoblin hits you.
You climb upwards.
There is a stone staircase leading down here.
You shoot a sling bullet.
The sling bullet completely misses the goblin.
The sling bullet barely misses the goblin.
The sling bullet hits the goblin.
The goblin is moderately wounded.
The hobgoblin completely misses you. The goblin hits you but does no damage.
The hobgoblin closely misses you. The goblin completely misses you.
You shoot a sling bullet. The sling bullet hits the goblin.
The goblin is severely wounded.
The hobgoblin completely misses you. The goblin hits you with a +0 dagger.
You shoot a sling bullet. The sling bullet hits the goblin!
You kill the goblin!
The hobgoblin closely misses you.
You shoot a sling bullet. The sling bullet hits the goblin.
You kill the goblin!
The hobgoblin hits you but does no damage.
You shoot a sling bullet.
The sling bullet closely misses the goblin.
The hobgoblin barely misses you. The goblin hits you but does no damage.
The hobgoblin hits you. The goblin closely misses you.
You shoot a sling bullet.
The sling bullet hits the goblin but does no damage.
The goblin is moderately wounded.
The hobgoblin hits you. The goblin misses you.
You shoot a sling bullet. The sling bullet hits the goblin.
You kill the goblin!
The hobgoblin misses you.
You shoot a sling bullet. The sling bullet hits the hobgoblin.
The hobgoblin is heavily wounded.
The hobgoblin hits you.
You die...

.........)#...#.#####.# #.#
#.#######.#..##.## #.# #.# #¤###
#.#..#...####.#####.# ¤¤¤.#
#.#...............#.#
###.#####.#..#...####.###.#.#####
# #....#.....##.## #.#.##........
###..........#### ##.###########
....##.#...#.########.# #########
.##.......##.)gg@)....# #........
.##.##.##.##########..# #.#######
.##.##.##.# #..# #.# ..........#
#..# #.# .##.##.##.##### #..# #.#
.##.##........# #..###.##
.##.......###.# #..##...##
.########## #.######..#.....#####
.# #....................


You could see a hobgoblin (strong) and a goblin (strong).

Vanquished Creatures
  2 dart slugs (D:1)
  3 ball pythons (D:1)
  3 bats (D:1)
  3 endoplasms (D:1)
  4 giant cockroaches (D:1)
  10 goblins
  2 hobgoblins (D:1)
  2 jackals (D:1)
  2 quokkas (D:1)
  2 frilled lizards (D:1)
  5 kobolds (D:1)
  5 rats (D:1)
43 creatures vanquished.

Notes
Turn   | Place    | Note
-------+----------+-------------------------------------------
     0 | D:1      | qw the Gargoyle Hexslinger began the quest for the Orb.
     0 | D:1      | Reached XP level 1. HP: 12/12 MP: 2/2
     0 | D:1      | 0 ||| qw: Version: 0.3-a-52-g30416fa
     0 | D:1      | 0 ||| qw: Game counter: 7908
     0 | D:1      | 0 ||| qw: Melee chars always use a shield: true
     0 | D:1      | 0 ||| qw: God list: Okawaru
     0 | D:1      | 0 ||| qw: Allow faded altars: false
     0 | D:1      | 0 ||| qw: Do Orc after clearing Dungeon:15 true
     0 | D:1      | 0 ||| qw: Do second Lair branch before Depths: true
     0 | D:1      | 0 ||| qw: Lair rune preference: random
     0 | D:1      | 0 ||| qw: Goals: Normal
     0 | D:1      | 0 ||| PLANNING D:1-11
    95 | D:1      | Reached XP level 2. HP: 15/16 MP: 3/3
   171 | D:1      | Reached skill level 3 in Ranged Weapons
   345 | D:1      | Reached XP level 3. HP: 21/21 MP: 4/4
   893 | D:1      | 893 ||| UPGRADING to +0 pair of gloves.
   898 | D:1      | 898 ||| READING scroll labelled MAILAU HIERE.
   899 | D:1      | 899 ||| READING scroll labelled WYGRAO LOLIOL.
   902 | D:1      | 902 ||| READING scroll labelled FOUTSOBA APHETWIUD.
   903 | D:1      | 903 ||| READING scroll labelled GIYLIAWKETS.
   904 | D:1      | 904 ||| DROPPING scroll of poison.
   936 | D:2      | Noticed Robin
   939 | D:2      | 939 ||| STAIRDANCE
   948 | D:1      | HP: 5/21 [goblin/+0 dagger[Robin] (4)]
  1025 | D:2      | 1025 ||| STAIRDANCE
  1032 | D:1      | HP: 2/21 [hobgoblin[Robin] (6)]
  1034 | D:1      | Slain by a hobgoblin

Levels and vault maps discovered:
D:1:      elethiomel_arrival_infinity_welcomes_careful_drivers,
          layout_loops_ring
D:2:      layout_rooms, minmay_surrounded, uniq_robin

Skill      XL: |  1  2  3 |
---------------+----------+-----
Ranged Weapons | 3 |  3.6
Fighting       | 2 |  2.0
Dodging        | |  1.5
Spellcasting   | |  1.0
Hexes          | |  2.6

Action                     || total
---------------------------++-------
   Fire: Sling             ||   118
    Use: Scroll            ||     4
 Armour: Robe              ||    39
  Dodge: Dodged            ||    61

Table legend:
 A = Non-vault XP
 B = Vault XP
 C = Vault XP percentage of total XP
 D = Non-vault monster count
 E = Vault monster count
 F = Vault count percentage of total count
                 A         B        C        D         E       F
            +---------+---------+-------+---------+---------+-------
      Total |      58 |      15 |  20.5 |      34 |       9 |  20.9
            +---------+---------+-------+---------+---------+-------
        D:1 |      58 |      13 |  18.3 |      34 |       8 |  19.0
        D:2 |       0 |       2 | 100.0 |       0 |       1 | 100.0
            +---------+---------+-------+---------+---------+-------
